AoeStats
← Divigofo

Arabia

509518475Analyzed
1v1 RM · 4d ago on Sep 27, 2026· 36m 54s· 2 players
Game mode
Random Map
Map size
Tiny (2 player)
Population
200
Speed
Normal
Resources
Standard
Victory
Conquest
Starting age
Dark Age
Ending age
Imperial Age
RankedLock teamsTeams togetherTeam positionsShared explorationLock speedFull tech treeHidden civsTurbo modeCheats
Victory
Defeat
🇨🇳 Hindustanis · China
1149
+17
🇨🇷 Huns · Costa Rica
1161
-17
fire_red
5:08 Loom
8:23 Feudal Age
9:18 Town Watch
11:09 Double-Bit Axe
20:33 Castle Age
19:45 Scale Barding Armor
20:33 Wheelbarrow
21:21 Forging
21:30 Bloodlines
21:25 Husbandry
22:27 Chain Barding Armor
25:39 Gold Mining
26:11 Husbandry
29:16 Horse Collar
31:32 Iron Casting
31:01 Town Watch
34:48 Hand Cart
Divigofo
7:21 Loom
10:05 Feudal Age
11:06 Double-Bit Axe
12:48 Horse Collar
21:12 Castle Age
20:00 Bloodlines
20:18 Fletching
20:58 Padded Archer Armor
21:51 Bodkin Arrow
22:09 Husbandry
22:23 Bow Saw
22:11 Gold Mining
25:36 Wheelbarrow
27:05 Heavy Plow
29:13 Hand Cart
30:38 Thumb Ring
31:31 Town Watch
34:01 Ballistics
Connection lost

Rejoining the realm…

Still unreachable

The connection could not be restored.

Session expired

The server has moved on; the page needs a fresh start.